 Dungeon Crawl Stone Soup version 0.22-a0-469-gf26638a (webtiles) character file.

969 Tallim the Cleaver (level 7, -2/61 HPs)
             Began as a Minotaur Berserker on June 12, 2018.
             Was an Elder of Trog.
             Slain by an orc warrior
             ... wielding a cursed -3 dire flail
              (13 damage)
             ... on level 6 of the Dungeon.
             The game lasted 00:12:23 (3864 turns).

Tallim the Cleaver (Minotaur Berserker)             Turns: 3864, Time: 00:12:24

Health: -2/61      AC: 10    Str: 21    XL:     7   Next: 94%
Magic:  6/6        EV: 12    Int:  4    God:    Trog [****..]
Gold:   200        SH:  4    Dex: 12    Spells: 6/6 levels left

rFire    . . .     SeeInvis .   a - +1 hand axe
rCold    . . .     Gourm    .   u - +0 buckler
rNeg     . . .     Faith    .   w - +1 ring mail {rPois}
rPois    +         Spirit   .   (helmet restricted)
rElec    .         Reflect  .   (no cloak)
rCorr    .         Harm     .   r - +2 pair of gloves
MR       .....                  (no boots)
Stlth    +.........             (no amulet)
HPRegen  0.20/turn              (no ring)
MPRegen  0.10/turn              (no ring)

@: berserk cooldown
A: retaliatory headbutt, horns 2
a: Berserk, Trog's Hand, Brothers in Arms, Renounce Religion


You were on level 6 of the Dungeon.
You worshipped Trog.
Trog was greatly pleased with you.
You were not hungry.

You visited 1 branch of the dungeon, and saw 6 of its levels.

You collected 200 gold pieces.

Inventory:

Hand Weapons
 a - a +1 hand axe (weapon)
Missiles
 m - 179 stones (quivered)
Armour
 i - a +0 plate armour
 r - a +2 pair of gloves (worn)
 u - a +0 buckler (worn)
 w - a +1 ring mail of poison resistance (worn)
Jewellery
 d - a +2 ring of intelligence {unknown}
 h - an uncursed ring of wizardry {unknown}
 o - a cursed ring of loudness {unknown}
 v - an uncursed ring of wizardry {unknown}
Wands
 A - a wand of flame (21)
Scrolls
 b - 2 scrolls of enchant weapon
 f - 2 scrolls of random uselessness {unknown}
 g - a scroll of enchant armour {unknown}
 k - 3 scrolls of teleportation
 l - a scroll of magic mapping
 n - a scroll of fear {unknown}
 x - 2 scrolls of identify
 y - a scroll of fog {unknown}
 z - a scroll of remove curse {unknown}
Potions
 e - 5 potions of curing {unknown}
 j - 3 potions of lignification {unknown}
 p - a potion of berserk rage {unknown}
 q - a potion of invisibility {unknown}
 s - 2 potions of heal wounds
 t - a potion of might {unknown}
 B - a potion of agility {unknown}
 C - a potion of resistance {unknown}
Comestibles
 c - 10 rations


   Skills:
 + Level 5.0 Fighting
 * Level 9.6 Axes
 + Level 4.2 Armour
 + Level 2.8 Dodging
 * Level 3.0 Shields


You had 6 spell levels left.
You didn't know any spells.
Your spell library contained the following spells:

 Spells                   Type           Power        Failure   Level  Hunger
 Apportation              Tloc           #.....       71%         1    ##.....
 Confuse                  Hex            #.......     97%         3    ####...
 Summon Small Mammal      Summ           #...         71%         1    ##.....
 Animate Skeleton         Necr           N/A          71%         1    ##.....
 Confusing Touch          Hex            #.....       71%         1    ##.....
 Metabolic Englaciation   Hex/Ice        #.........   100%        5    ######.
 Petrify                  Tmut/Erth      #.......     100%        4    #####..
 Gell's Gravitas          Tloc           #.........   97%         3    ####...
 Yara's Violent Unravell  Hex/Tmut       #.........   100%        5    ######.


Dungeon Overview and Level Annotations

Branches:
Dungeon (6/15)             Temple (0/1) D:6

Altars:
Sif Muna
Uskayaw

Shops:
D:6 }


Innate Abilities, Weirdness & Mutations

You reflexively headbutt those who attack you in melee.
You have a pair of horns on your head.


Message History

You eat the chunk of flesh.
This raw flesh tastes terrible.
You block the orc warrior's attack.
You feel yourself speed up. You block the orc warrior's attack.
You see here a ration.
The orc warrior misses you.
You closely miss the orc warrior.
Okay, then.
The orc warrior closely misses you.
Things that are here:
a giant club; 6 chunks of flesh
There is an open door, spattered with blood here.
You hit the orc warrior.
The orc warrior is lightly wounded.
The orc warrior closely misses you. You furiously retaliate!
You headbutt the orc warrior. You hit the orc warrior.
The orc warrior is moderately wounded.
The orc warrior hits you with an enchanted dire flail!
You die...

#....# #..#
####### ##.#
..=..### #.#
.......###.#
......##.#
....##.#
#...#.#
#%.†#.#
#..)o@#
#?..###
#)).# .)..##
......#
..(...##
.?..### ####


You could see an orc warrior.

Vanquished Creatures
  An ogre (D:6)
  A bullfrog (D:6)
  A scorpion (D:4)
  2 orc priests
  A gnoll shaman (D:4)
  2 hounds
  Crazy Yiuf (D:2)
  A bullfrog skeleton (D:6)
  Jessica (D:2)
  Terence (D:2)
  2 iguanas
  4 orc wizards
  4 worker ants
  5 adders
  5 gnolls (D:4)
  2 oozes
  An adder skeleton (D:4)
  4 worms
  3 dart slugs
  3 leopard geckos
  20 orcs
  A ball python (D:3)
  4 giant cockroaches
  3 goblins
  11 hobgoblins
  9 jackals
  3 quokkas
  5 bats
  3 frilled lizards
  A jackal zombie (D:5)
  11 kobolds
  A leopard gecko skeleton (D:4)
  A leopard gecko zombie (D:5)
  3 rats
121 creatures vanquished.

Vanquished Creatures (collateral kills)
  A bullfrog zombie (D:6)
  An adder (D:6)
  4 orcs (D:6)
6 creatures vanquished.

Grand Total: 127 creatures vanquished

Notes
Turn   | Place    | Note
-------+----------+-------------------------------------------
     0 | D:1      | Tallim the Minotaur Berserker began the quest for the Orb.
     0 | D:1      | Reached XP level 1. HP: 19/19 MP: 0/0
   123 | D:1      | Reached skill level 4 in Axes
   142 | D:1      | Reached XP level 2. HP: 27/27 MP: 1/1
   472 | D:2      | Reached XP level 3. HP: 25/33 MP: 2/2
   507 | D:2      | Reached ** piety under Trog
   633 | D:2      | Noticed Jessica
   639 | D:2      | Killed Jessica
   639 | D:2      | Reached skill level 5 in Axes
   702 | D:2      | Reached XP level 4. HP: 38/40 MP: 3/3
   711 | D:2      | Found a faded altar of an unknown god.
   723 | D:2      | Found a hide-covered altar of Uskayaw.
   789 | D:2      | Noticed Terence
   815 | D:2      | Killed Terence
   917 | D:2      | Found a runed door.
  1114 | D:2      | Noticed Crazy Yiuf
  1119 | D:2      | Killed Crazy Yiuf
  1119 | D:2      | Reached skill level 6 in Axes
  1214 | D:3      | Reached XP level 5. HP: 45/47 MP: 4/4
  1492 | D:3      | Reached skill level 7 in Axes
  1749 | D:4      | Reached skill level 1 in Shields
  1761 | D:4      | Found a deep blue altar of Sif Muna.
  1912 | D:4      | Reached XP level 6. HP: 47/53 MP: 5/5
  1926 | D:4      | Reached *** piety under Trog
  2239 | D:4      | Reached skill level 8 in Axes
  2645 | D:4      | Reached XP level 7. HP: 29/60 MP: 6/6
  2934 | D:5      | Entered Level 5 of the Dungeon
  3593 | D:6      | Found a staircase to the Ecumenical Temple.
  3616 | D:6      | Found Kiboib's Gadget Shoppe.
  3787 | D:6      | Reached skill level 9 in Axes
  3791 | D:6      | Reached **** piety under Trog
  3842 | D:6      | Reached skill level 5 in Fighting
  3864 | D:6      | Slain by an orc warrior

Vault maps used:
D:1:      lightli_arrival_flooded_house, due_unseen_surprise
D:2:      eat_drink_and_be_merry_uskayaw, chequers_ecumenical_altar_simple,
          uniq_terence, uniq_crazy_yiuf_cottage, uniq_jessica
D:4:      cheibrodos_sewer_entry_bend, led_sif_pool
D:5:      first_ration, minmay_misc_feat_x
D:6:      minmay_temple_entry_crystal_x, serial_shops, kennysheep_mini, shop,
          nicolae_shop_trees, shop, grunt_potential

Skill      XL: |  1  2  3  4  5  6  7 |
---------------+----------------------+-----
Axes           | 4 5 6 7 8 9 |  9.6
Fighting       | 4 5 |  5.0
Shields        | 1 2 3 |  3.0
Armour         | 3 4 |  4.2
Dodging        | |  2.8

Action                   |  1- 3 |  4- 6 |  7- 9 || total
-------------------------+-------+-------+-------++-------
Melee: Hand axe          |    47 |   205 |    60 ||   312
       Headbutt          |     9 |    43 |    11 ||    63
Throw: Stone             |     4 |       |       ||     4
Invok: Trog's Hand       |     1 |       |       ||     1
       Berserk           |       |     1 |     2 ||     3
       Brothers in Arms  |       |       |     1 ||     1
  Use: Scroll            |       |     5 |       ||     5
  Eat: Ration            |       |     2 |       ||     2
       Chunk             |       |       |     6 ||     6
Armor: Ring mail         |     2 |    12 |    21 ||    35
       Plate armour      |    18 |   111 |       ||   129
Dodge: Dodged            |    23 |    45 |    36 ||   104
Block: Buckler           |       |    22 |    10 ||    32

Table legend:
 A = Spawn XP
 B = Non-spawn XP
 C = Spawn XP percentage of total XP
 D = Spawn monster count
 E = Non-spawn monster count
 F = Spawn count percentage of total count
 G = Total turns spent on level
                    A         B        C        D         E        F      G
               +---------+---------+-------+---------+---------+-------+---------
         Total |       0 |    1385 |   0.0 |       0 |     127 |   0.0 |  3864
               +---------+---------+-------+---------+---------+-------+---------
           D:1 |       0 |      34 |   0.0 |       0 |      18 |   0.0 |   462
           D:2 |       0 |     152 |   0.0 |       0 |      21 |   0.0 |   732
           D:3 |       0 |     151 |   0.0 |       0 |      28 |   0.0 |   476
           D:4 |       0 |     452 |   0.0 |       0 |      26 |   0.0 |  1264
           D:5 |       0 |     136 |   0.0 |       0 |      12 |   0.0 |   657
           D:6 |       0 |     460 |   0.0 |       0 |      22 |   0.0 |   273
               +---------+---------+-------+---------+---------+-------+---------
